 Dungeon Crawl Stone Soup version 0.27-a0-1312-g5cdb2b3542 (webtiles) character file.

Game seed: 12709880490025221934

34 spiderkeys the Skirmisher (level 3, -1/26 HPs)
             Began as an Octopode Abyssal Knight on June 20, 2021.
             Was a Follower of Lugonu.
             Slain by Robin (8 damage)
             ... on level 2 of the Dungeon.
             The game lasted 00:02:09 (1882 turns).

spiderkeys the Skirmisher (Octopode Abyssal Knight) Turns: 1882, Time: 00:02:10

Health: -1/26      AC:  1    Str: 12    XL:     3   Next: 31%
Magic:  4/4        EV: 13    Int: 14    God:    Lugonu [*.....]
Gold:   65         SH:  0    Dex: 11    Spells: 2/2 levels left

rFire    . . .     SeeInvis .   a - +1 spear
rCold    . . .     Faith    .   (no shield)
rNeg     . . .     Spirit   .   (helmet restricted)
rPois    .         Reflect  .   (no amulet)
rElec    .         Harm     .   (no ring)
rCorr    .         Rampage  .   (no ring)
Will     .....                  (no ring)
Stlth    ++........             (no ring)
HPRegen  0.08/turn              (no ring)
MPRegen  0.09/turn              (no ring)
                                (no ring)
                                (no ring)

@: no status effects
A: almost no armour, amphibious, 8 rings, camouflage 1, gelatinous body 1,
(nimble swimmer 1), tentacles
a: Renounce Religion, Depart the Abyss


You were on level 2 of the Dungeon.
You worshipped Lugonu.
Lugonu was aware of your devotion.
You visited 1 branch of the dungeon, and saw 2 of its levels.
You visited the Abyss 1 time.

You collected 65 gold pieces.


Innate Abilities, Weirdness & Mutations

You cannot wear most types of armour.
You are amphibious.
You can wear up to eight rings at the same time.
Your skin changes colour to match your surroundings (Stealth+).
Your rubbery body absorbs attacks. (AC +1, EV +1)
((You are camouflaged near water. (Stealth+)))
You have tentacles for arms and can constrict up to eight enemies at once.


   Skills:
 + Level 3.3 Fighting
 + Level 2.4 Polearms
 + Level 2.8 Dodging
 + Level 2.6 Invocations


You had 2 spell levels left.
You didn't know any spells.
Your spell library was empty.

Inventory:

Hand Weapons
 a - a +1 spear (weapon)
Missiles
 e - 5 stones
 f - 16 poisoned darts
 g - 22 sling bullets
Potions
 b - a potion of haste {unknown}
 c - a potion of heal wounds {unknown}
 d - a potion of attraction {unknown}

Dungeon Overview and Level Annotations

Branches:
Dungeon (2/15)

Altars:

Shops:
D:1 *

Annotations:
D:2 Robin

# . #.
#
.####.#
...#.
... #g#
#)# #@#
###


You could see Robin.


Message History

You reach to attack!
You hit Robin.
Robin hits you from afar with a +0 spear. 😕 HP[-3]
You take 3 damage, and now have 23/26 hp.
Reach: a) +1 spear
Press: ? - help, Dir - move target, f/p - Robin
Aim: Robin, wielding a +0 spear, wearing a +0 animal skin and wearing a +0 helmet (lightly wounded, about 31% to evade your +1 spear)
You reach to attack!
You hit Robin.
Robin hits you from afar with a +0 spear. 😕 HP[-2]
You take 2 damage, and now have 21/26 hp.
Reach: a) +1 spear
Press: ? - help, Dir - move target, f/p - Robin
Aim: Robin, wielding a +0 spear, wearing a +0 animal skin and wearing a +0 helmet (moderately wounded, about 31% to evade your +1 spear)
You reach to attack!
You hit Robin. Robin barely misses you.
Reach: a) +1 spear
Press: ? - help, Dir - move target, f/p - Robin
Aim: Robin, wielding a +0 spear, wearing a +0 animal skin and wearing a +0 helmet (heavily wounded, about 31% to evade your +1 spear)
You reach to attack!
You hit Robin.
Robin hits you from afar with a +0 spear. 😮 HP[-6]
You take 6 damage, and now have 15/26 hp.
MASSIVE DAMAGE!! (PAUSE) Reach: a) +1 spear
Press: ? - help, Dir - move target, f/p - Robin
Aim: Robin, wielding a +0 spear, wearing a +0 animal skin and wearing a +0 helmet (heavily wounded, about 31% to evade your +1 spear)
You reach to attack!
You hit Robin.
Robin hits you from afar with a +0 spear.
* * * LOW HITPOINT WARNING * * *
😨 HP[-5]
You take 5 damage, and now have 10/26 hp.
Robin hits you from afar with a +0 spear!
* * * LOW HITPOINT WARNING * * *
You climb upwards.
There is a stone staircase leading down here. 😱 HP[-8]
You take 8 damage, and now have 2/26 hp.
MASSIVE DAMAGE!! (PAUSE)
You start resting. 😎 HP[+24]
Your hp is fully restored (26).
You climb downwards.
Level annotation: Robin Robin barely misses you.
There is a stone staircase leading up, spattered with blood here.
You see here a +0 dagger.
You reach to attack!
You hit Robin.
Robin hits you from afar with a +0 spear. 😕 HP[-6]
You take 6 damage, and now have 20/26 hp.
MASSIVE DAMAGE!! (PAUSE)
You reach to attack!
You hit Robin. Robin closely misses you.
You reach to attack!
You completely miss Robin.
Robin hits you from afar with a +0 spear. 😮 HP[-2]
You take 2 damage, and now have 18/26 hp.
You are too injured to fight recklessly!
Reach: a) +1 spear
Press: ? - help, Dir - move target, f/p - Robin
Aim: Robin, wielding a +0 spear, wearing a +0 animal skin and wearing a +0 helmet (moderately wounded, about 31% to evade your +1 spear)
You reach to attack!
You hit Robin but do no damage. Robin closely misses you.
Reach: a) +1 spear
Press: ? - help, Dir - move target, f/p - Robin
Aim: Robin, wielding a +0 spear, wearing a +0 animal skin and wearing a +0 helmet (moderately wounded, about 31% to evade your +1 spear)
You reach to attack!
You hit Robin but do no damage. Robin closely misses you.
Reach: a) +1 spear
Press: ? - help, Dir - move target, f/p - Robin
Aim: Robin, wielding a +0 spear, wearing a +0 animal skin and wearing a +0 helmet (moderately wounded, about 31% to evade your +1 spear)
You reach to attack!
You hit Robin but do no damage. Robin barely misses you.
Reach: a) +1 spear
Press: ? - help, Dir - move target, f/p - Robin
Aim: Robin, wielding a +0 spear, wearing a +0 animal skin and wearing a +0 helmet (moderately wounded, about 31% to evade your +1 spear)
You reach to attack!
You hit Robin.
Reach: a) +1 spear
Press: ? - help, Dir - move target, f/p - Robin
Aim: Robin, wielding a +0 spear, wearing a +0 animal skin and wearing a +0 helmet (severely wounded, about 31% to evade your +1 spear)
You reach to attack!
You hit Robin. Robin closely misses you.
Reach: a) +1 spear
Press: ? - help, Dir - move target, f/p - Robin
Aim: Robin, wielding a +0 spear, wearing a +0 animal skin and wearing a +0 helmet (almost dead, about 31% to evade your +1 spear)
You reach to attack!
You hit Robin but do no damage. Robin misses you.
Reach: a) +1 spear
Press: ? - help, Dir - move target, f/p - Robin
Aim: Robin, wielding a +0 spear, wearing a +0 animal skin and wearing a +0 helmet (almost dead, about 31% to evade your +1 spear)
You reach to attack!
You hit Robin.
Robin hits you from afar with a +0 spear. 😮 HP[-3]
You take 3 damage, and now have 15/26 hp.
Unknown command.
Reach: a) +1 spear
Press: ? - help, Dir - move target, f/p - Robin
Aim: Robin, wielding a +0 spear, wearing a +0 animal skin and wearing a +0 helmet (almost dead, about 31% to evade your +1 spear)
You reach to attack!
You hit Robin but do no damage.
Robin hits you from afar with a +0 spear!
* * * LOW HITPOINT WARNING * * *
😨 HP[-8]
You take 8 damage, and now have 7/26 hp.
MASSIVE DAMAGE!! (PAUSE) Robin hits you from afar with a +0 spear!
You die...

Action                   || total
-------------------------++-------
Melee: Spear             ||    70
       Constrict         ||     8
       Tentacles         ||     5
  Use: Scroll            ||     1
 Stab: Sleeping          ||     2
Armor: Skin              ||     2
Dodge: Dodged            ||    33

Levels and vault maps discovered:
D:1:      beargit_arrival_diablo_church, layout_basic, serial_shops,
          nicolae_shop_temple_entry_statues_fountains
D:2:      minmay_inner_zag, layout_basic, uniq_crazy_yiuf_cottage, uniq_terence,
          uniq_robin

Notes
Turn   | Place    | Note
-------+----------+-------------------------------------------
     0 | Abyss:1  | spiderkeys the Octopode Abyssal Knight began the quest for
                  | the Orb.
     0 | Abyss:1  | Reached XP level 1. HP: 16/16 MP: 2/2
     0 | Abyss:1  | magus.rc [v1.9.10]
    11 | Abyss:1  | Found a corrupted altar of Lugonu.
    81 | Abyss:2  | Noticed a small abomination
   116 | Abyss:3  | Noticed a rust devil
   119 | D:1      | You pass through the gate.
   119 | D:1      | Escaped the Abyss
   449 | D:1      | Reached XP level 2. HP: 21/21 MP: 3/3
   780 | D:1      | Found Wugapo's Assorted Antiques.
   909 | D:2      | Noticed Robin
   934 | D:1      | Reached XP level 3. HP: 17/26 MP: 4/4
  1576 | D:2      | HP: 2/26 [Robin (8)]
  1882 | D:2      | Slain by Robin

Vanquished Creatures
  A dart slug (D:1)
  2 ball pythons (D:1)
  An endoplasm (D:1)
  10 goblins
  4 hobgoblins
  2 jackals (D:1)
  A kobold (D:1)
  2 quokkas (D:1)
  A bat (D:1)
  A rat (D:1)
25 creatures vanquished.

Table legend:
 A = Non-vault XP
 B = Vault XP
 C = Vault XP percentage of total XP
 D = Non-vault monster count
 E = Vault monster count
 F = Vault count percentage of total count
                 A         B        C        D         E       F
            +---------+---------+-------+---------+---------+-------
      Total |      25 |      24 |  49.0 |      13 |      12 |  48.0
            +---------+---------+-------+---------+---------+-------
        D:1 |      25 |       8 |  24.2 |      13 |       4 |  23.5
        D:2 |       0 |      16 | 100.0 |       0 |       8 | 100.0
            +---------+---------+-------+---------+---------+-------

Illustrated notes

Table legend:
 A = Kills in this place as a percentage of kills in entire the game.
 B = Kills by you in this place as a percentage of kills by you in the entire game.
 C = Kills by friends in this place as a percentage of kills by friends in the entire game.
 D = Other kills in this place as a percentage of other kills in the entire game.
 E = Experience gained in this place as a percentage of experience gained in the entire game.
 F = Experience gained in this place divided by the number of levels of this place that you have seen.
                   A       B       C       D       E      F
               +-------+-------+-------+-------+-------+----------------------
         Total | 100.0 | 100.0 |   N/A |   N/A | 100.0 |   9.8
       Dungeon | 100.0 | 100.0 |   N/A |   N/A | 100.0 |  24.5
               +-------+-------+-------+-------+-------+----------------------

Table legend: (Time is in decaauts)
 A = Elapsed time spent in this place.
 B = Non-inter-level travel time spent in this place.
 C = Inter-level travel time spent in this place.
 D = Time resting spent in this place.
 E = Time spent auto-exploring this place.
 F = Levels seen in this place.
 G = Mean time per level.
                   A        B        C        D        E       F      G
               +--------+--------+--------+--------+--------+-----+--------+
         Total |   1887 |   1880 |      7 |    886 |    732 |   5 |  377.4 |
       Dungeon |   1769 |   1762 |      7 |    886 |    701 |   2 |  884.5 |
         Abyss |    118 |    118 |      0 |      0 |     31 |   3 |   39.3 |
               +--------+--------+--------+--------+--------+-----+--------+

Top non-repeatable levels by time:
     D:1: 1707 daAuts
 Abyss:1: 79 daAuts
     D:2: 61 daAuts
 Abyss:3: 21 daAuts
 Abyss:2: 17 daAuts
